Map: Beckett Industries LE

Players

Pendergast

  • Race: Terran Terran
  • League: Diamond

Nadie - Winner!

  • Race: Zerg Zerg
  • League: Diamond

VOD

Have the link to the VOD?

Description

Time

  • Played on: Aug. 30, 2021, 2:35 a.m.
  • Length: 15:34
Show
View Real Time Build Order
Export as new Build Order

Pendergast Terran 

Build Orders:  

Get SALT Encoding   

  12  0:00  SCV  
  13  0:12  SCV  
  14  0:17  Supply Depot  
  14  0:24  SCV  
  15  0:38  SCV  
  15  0:40  Barracks  
  16  0:47  Refinery  
  16  0:50  SCV  
  17  1:03  SCV  
  18  1:19  SCV  
  19  1:28  Marine  
  19  1:30  Bunker  
  20  1:34  Orbital Command  
  20  1:47  Marine  
  21  2:03  SCV  
  21  2:05  Command Center  
  22  2:08  Barracks Reactor  
  22  2:16  SCV, Supply Depot  
  23  2:28  Factory  
  23  2:35  Refinery  
  23  2:38  SCV  
  24  2:47  Marine x2  
  24  2:50  SCV  
  27  3:02  SCV  
  28  3:07  Marine x2  
  28  3:08  Barracks  
  30  3:13  Factory Tech Lab  
  30  3:14  SCV  
  30  3:18  Orbital Command  
  31  3:25  Marine x2  
  33  3:32  Starport  
  33  3:48  SCV  
  33  3:55  Marine x2, Factory Reactor  
  34  3:57  Barracks Tech Lab  
  34  3:58  SCV  
  37  4:02  Supply Depot  
  37  4:17  Engineering Bay, Stimpack  
  37  4:19  Raven  
  37  4:21  SCV  
  37  4:22  Marine x2  
  37  4:23  Marine  
  43  4:25  SCV  
  44  4:36  Barracks  
  44  4:43  Marine x3  
  47  4:53  Factory Reactor  
  47  4:54  Supply Depot  
  47  4:55  Terran Infantry Weapons Level 1  
  47  5:00  Marine  
  47  5:01  Marine  
  47  5:02  Medivac  
  47  5:04  Marine  
  52  5:18  Marine x2  
  54  5:24  Marine  
  54  5:25  Marine x2  
  54  5:26  SCV  
  54  5:27  Orbital Command  
  58  5:36  Marine  
  58  5:38  SCV  
  58  5:42  Marine x2  
  61  5:43  Refinery  
  62  6:00  Supply Depot, Combat Shield  
  62  6:01  Medivac x2  
  66  6:09  Marine  
  66  6:10  Marine x3  
  70  6:18  Supply Depot  
  70  6:21  Marine  
  71  6:27  Marine  
  71  6:32  Command Center  
  72  6:33  Supply Depot  
  72  6:34  SCV x2  
  74  6:46  SCV  
  74  6:47  SCV  
  58  7:14  Marine x5  
  57  7:15  SCV x2  
  43  7:30  Siege Tank  
  43  7:31  Medivac x2  
  43  7:32  Marine x5  
  55  7:43  SCV x2  
  57  7:49  Marine  
  57  7:50  Marine x4  
  62  7:53  Orbital Command  
  62  7:55  SCV  
  62  7:56  SCV  
  64  7:58  Supply Depot  
  64  7:59  Terran Infantry Armor Level 1  
  64  8:07  Marine  
  64  8:08  Marine x4, SCV x2, Supply Depot  
  71  8:15  Missile Turret  
  71  8:16  Missile Turret  
  71  8:18  SCV  
  72  8:20  SCV  
  72  8:26  Marine  
  74  8:29  SCV  
  74  8:30  SCV  
  74  8:32  SCV  
  77  8:41  SCV  
  77  8:46  SCV  
  77  8:47  Marine x5, SCV, Armory  
  77  8:48  Engineering Bay  
  59  9:11  SCV x2  
  59  9:14  Medivac x2  
  59  9:15  Marine x4  
  59  9:16  Marine  
  70  9:20  Orbital Command  
  70  9:23  SCV  
  71  9:33  Marine x5  
  71  9:34  Supply Depot  
  71  9:36  Supply Depot, Missile Turret  
  76  9:43  Barracks, Drilling Claws  
  76  9:44  Widow Mine, Barracks  
  78  9:50  Factory  
  78  9:51  Marine x2, SCV  
  78  9:52  SCV x2  
  81  10:02  Terran Infantry Weapons Level 2  
  81  10:04  SCV x2, Terran Infantry Armor Level 2  
  83  10:08  Widow Mine  
  85  10:15  Marine x5  
  88  10:32  Marine, SCV x3  
  92  10:42  Factory Reactor  
  92  10:43  Barracks Reactor x2  
  92  10:44  SCV x3  
  95  10:53  Marine x3, Widow Mine  
  95  10:54  Marine x2  
  95  10:55  Medivac  
  95  10:56  SCV x3, Medivac  
  109  11:00  Refinery  
  109  11:02  Supply Depot  
  109  11:03  Supply Depot  
  108  11:05  Supply Depot  
  108  11:08  SCV  
  108  11:11  Marine  
  105  11:15  Widow Mine  
  105  11:18  Marine  
  101  11:19  Marine x3  
  101  11:20  SCV x2  
  101  11:21  Widow Mine x2  
  111  11:29  Marine  
  112  11:34  Marine x4  
  112  11:36  Marine x4, Widow Mine  
  122  11:40  Terran Vehicle Weapons Level 1  
  122  11:43  Widow Mine x2  
  122  11:46  Factory  
  122  11:47  Marine  
  126  11:49  Barracks  
  126  11:50  Barracks  
  126  11:52  SCV x3  
  130  11:54  Barracks  
  130  11:57  Thor  
  130  11:59  Marine x2  
  138  12:04  Widow Mine x2  
  139  12:18  Missile Turret x2  
  139  12:22  Command Center  
  135  12:25  SCV  
  140  12:30  Widow Mine x2, Factory Tech Lab  
  140  12:31  Orbital Command  
  135  12:41  Orbital Command  
  115  12:55  Widow Mine x2  
  119  13:01  SCV x2  
  121  13:09  Widow Mine x2  
  125  13:13  SCV x3  
  125  13:17  Widow Mine x2  
  132  13:25  Marine, SCV x3  
  132  13:26  Barracks Reactor, Barracks Tech Lab x2, Missile Turret  
  136  13:30  Widow Mine x2  
  140  13:37  SCV x3  
  140  13:38  Widow Mine  
  145  13:43  Command Center  
  145  13:44  Missile Turret  
  145  13:48  Missile Turret  
  145  13:49  SCV x3  
  148  14:01  SCV x2  
  148  14:02  Marine x7  
  151  14:08  Supply Depot  
  157  14:10  Supply Depot  
  157  14:12  Supply Depot  
  157  14:19  Marauder  
  157  14:28  Supply Depot  
  157  14:29  Marine x4, Supply Depot  
  157  14:30  Widow Mine x2  
  165  14:31  Marine  
  165  14:32  Widow Mine x2  
  165  14:33  Supply Depot  
  127  14:55  Widow Mine x2  
  127  14:56  Marine  
  116  15:12  Marine  
  100  15:15  Marine x4  
  100  15:16  Marine x8  
  100  15:20  SCV x2  
Show
View Real Time Build Order
Export as new Build Order

Nadie Zerg - Winner!

Build Orders: Hatch First, Muta Ling Bane 

Get SALT Encoding   

  12  0:00  Drone  
  13  0:13  Overlord  
  13  0:18  Drone  
  14  0:32  Drone x2  
  16  0:53  Drone  
  17  1:01  Hatchery  
  16  1:08  Spawning Pool  
  15  1:12  Drone  
  15  1:15  Drone  
  17  1:38  Hatchery  
  16  1:41  Drone  
  16  1:44  Drone  
  18  1:48  Drone  
  18  1:50  Extractor  
  18  2:04  Queen  
  20  2:13  Queen  
  20  2:14  Drone  
  23  2:18  Drone  
  24  2:26  Drone  
  25  2:39  Zergling x2  
  25  2:40  Zergling x4  
  28  2:49  Overlord x2  
  28  2:56  Drone x2  
  30  3:03  Drone  
  30  3:04  Queen, Drone  
  34  3:13  Metabolic Boost  
  34  3:16  Drone  
  35  3:43  Zergling x4  
  35  3:46  Drone x7  
  44  3:50  Lair  
  44  3:52  Overlord  
  43  4:08  Overlord x2  
  43  4:13  Extractor  
  43  4:16  Extractor  
  43  4:17  Drone x3  
  42  4:18  Extractor  
  43  4:38  Drone  
  43  4:39  Drone x2  
  43  4:40  Drone  
  43  4:41  Drone x2  
  43  4:42  Drone  
  50  4:52  Drone x6  
  56  4:53  Drone  
  56  4:57  Hatchery  
  56  4:58  Spire  
  56  4:59  Zergling x2  
  56  5:03  Baneling Nest  
  55  5:14  Zergling x6  
  58  5:23  Overlord x3  
  58  5:31  Overlord x2  
  58  5:40  Queen  
  60  5:46  Centrifical Hooks  
  60  6:00  Zergling x8  
  60  6:01  Zergling x14  
  71  6:15  Mutalisk  
  71  6:16  Mutalisk x5  
  83  6:28  Drone x3  
  83  6:30  Baneling x6  
  83  6:31  Baneling x3  
  86  6:34  Drone x2  
  88  6:42  Drone x2  
  81  6:59  Zergling x2  
  81  7:00  Zergling x10  
  71  7:32  Zergling x2  
  71  7:33  Zergling x20  
  81  7:44  Mutalisk x3  
  84  7:58  Drone x2  
  84  7:59  Evolution Chamber  
  84  8:00  Mutalisk  
  84  8:04  Hatchery  
  86  8:06  Extractor, Baneling x12  
  86  8:09  Extractor  
  85  8:20  Drone x6  
  85  8:21  Zergling x2  
  85  8:22  Zergling x10  
  85  8:25  Mutalisk x2  
  85  8:26  Mutalisk  
  102  8:29  Zerg Ground Armor Level 1  
  102  8:31  Evolution Chamber  
  101  8:41  Overlord x4  
  101  8:42  Overlord  
  101  8:48  Drone  
  102  8:51  Drone  
  89  9:12  Mutalisk  
  89  9:13  Mutalisk x7  
  105  9:20  Zerg Melee Weapons Level 1  
  105  9:22  Drone  
  105  9:23  Drone x4  
  110  9:27  Drone x3  
  113  9:31  Overseer  
  113  9:42  Mutalisk x3  
  119  9:52  Baneling x4  
  119  9:53  Baneling x3  
  119  9:56  Zergling x18  
  124  10:02  Drone x7  
  124  10:06  Extractor  
  130  10:07  Extractor  
  130  10:13  Zerg Flyer Weapons Level 1, Infestation Pit  
  128  10:16  Drone x5, Hatchery  
  132  10:28  Pneumatized Carapace  
  132  10:37  Zergling x2  
  132  10:38  Zergling x20  
  132  10:40  Baneling x2  
  132  10:41  Queen, Baneling x9  
  145  10:45  Zerg Ground Armor Level 2  
  145  10:55  Zergling x12  
  147  11:21  Overlord  
  147  11:22  Overlord x2  
  147  11:27  Hive  
  147  11:29  Zerg Melee Weapons Level 2  
  147  11:31  Overlord x5  
  147  11:36  Zergling x20  
  147  11:39  Baneling  
  157  11:40  Baneling x17  
  157  11:41  Baneling x5  
  157  11:42  Zergling x10  
  162  11:49  Zergling x2  
  162  11:50  Zergling x6  
  166  11:55  Mutalisk x3  
  168  12:27  Mutalisk x5  
  141  12:48  Zergling x2  
  141  12:49  Zergling x32  
  156  13:03  Ultralisk Cavern  
  155  13:08  Zergling x2  
  155  13:09  Zergling x10  
  161  13:12  Baneling  
  161  13:13  Baneling x15  
  161  13:27  Zergling x2  
  161  13:28  Zergling x18  
  171  14:01  Zergling x20  
  171  14:02  Zergling x12  
  187  14:23  Zergling x2  
  187  14:24  Zergling x18  
  190  14:27  Baneling  
  190  14:28  Baneling x5  
  145  14:50  Zergling x2  
  145  14:51  Zergling x26  
  127  15:17  Zergling x10  
Tags
 
Add a new tag
Caveats
  • Supply blocks, unpowered buildings, or Contaminate may cause inaccurate times.
  • Supply counts are checked every 10 seconds.